 Dungeon Crawl Stone Soup version 0.25.1-2-g60ff931df9 (webtiles) character file.

Game seed: 16670391547443339892

3175 hawla the Nimble (level 9, -2/112 HPs)
             Began as a Minotaur Gladiator on Nov 4, 2020.
             Was an Initiate of Gozag.
             Slain by a rust devil (11 damage)
             ... on level 7 of the Dungeon.
             The game lasted 00:19:16 (7642 turns).

hawla the Nimble (Minotaur Gladiator)               Turns: 7642, Time: 00:19:16

Health: -2/112     AC: -7    Str: 21    XL:     9   Next: 63%
Magic:  8/8        EV:  2    Int:  5    God:    Gozag
Gold:   854        SH:  5    Dex: 11    Spells: 8/8 levels left

rFire    . . .     SeeInvis +   A - +0 long sword (flame)
rCold    . . .     Gourm    .   (no shield)
rNeg     + + +     Faith    .   (armour currently unavailable)
rPois    +         Spirit   .   (helmet currently unavailable)
rElec    .         Reflect  +   (cloak currently unavailable)
rCorr    .         Harm     .   (gloves currently unavailable)
MR       +....     NoTele   +   (boots currently unavailable)
Stlth    ++........             v - amulet of reflection (curse)
HPRegen  0.28/turn              h - ring of see invisible
MPRegen  0.11/turn              F - ring of positive energy

@: tree-form, corroded, stab
A: (retaliatory headbutt), magic resistance 1, weak 1, evolution 1
a: Potion Petition, Call Merchant, Bribe Branch, Renounce Religion


You were on level 7 of the Dungeon.
You worshipped Gozag.
Gozag was pleased with you.
You were not hungry.
You were a tree.
You visited 2 branches of the dungeon, and saw 8 of its levels.

You collected 906 gold pieces.
You paid 52 gold pieces to Gozag.

Inventory:

Hand Weapons
 e - a +1 dagger of venom
 u - a +1 rapier of holy wrath
 A - a +0 long sword of flaming (weapon)
Missiles
 d - 2 throwing nets
 k - 4 atropa-tipped darts
 l - 13 boomerangs (quivered)
 E - 5 poisoned darts
Armour
 a - a +1 ring mail of fire resistance (melded)
 c - a +2 hat (melded)
Jewellery
 h - a ring of see invisible (left branch)
 j - an uncursed ring of magical power
 p - an uncursed ring of stealth
 t - an uncursed ring of ice
 v - a cursed amulet of reflection (around neck)
 y - an uncursed ring of fire
 F - a ring of positive energy (right branch)
Wands
 o - a wand of digging (7)
 r - a wand of flame (15)
 D - a wand of iceblast (6)
Scrolls
 b - 2 scrolls of fear
 g - 5 scrolls of teleportation
 m - a scroll of enchant weapon
 q - a scroll of noise
 w - 3 scrolls of remove curse
 B - 3 scrolls of enchant armour
 G - a scroll of magic mapping {unknown}
Potions
 i - 2 potions of curing
 s - 3 potions of berserk rage
 x - 2 potions of stabbing
 z - a potion of lignification
 C - a potion of might
 H - a potion of mutation
Comestibles
 f - 14 rations


   Skills:
 + Level 6.0 Fighting
 + Level 6.6(7.8) Short Blades
 + Level 6.8(8.3) Long Blades
 + Level 3.3 Throwing
 + Level 5.4 Armour
 * Level 9.1 Dodging
 - Level 2.5 Stealth
 + Level 1.0 Evocations


You had 8 spell levels left.
You didn't know any spells.
Your spell library was empty.

Dungeon Overview and Level Annotations

Branches:
Dungeon (7/15)             Temple (1/1) D:4

Altars:
Dithmenos
Elyvilon
Fedhas
Gozag
Hepliaklqana
Kikubaaqudgha
Sif Muna
Vehumet
Yredelemnul
Zin
The Shining One


Innate Abilities, Weirdness & Mutations

((You reflexively headbutt those who attack you in melee.))
((You have a pair of horns on your head.))
((You are partially covered in slimy green scales. (AC +2)))
You are resistant to hostile enchantments. (MR+)
You are weak. (Str -2)
You evolve.


Message History

You feel much better.
The orc warrior hits you with a +0 halberd!
The rust devil hits you. The rust devil corrodes you!
It was a potion of stabbing.
You feel ready to backstab.
The orc warrior hits you with a +0 halberd!
* * * LOW HITPOINT WARNING * * *
The rust devil hits you!
* * * LOW HITPOINT WARNING * * *
The rust devil corrodes you!
You hit the rust devil but do no damage.
The rust devil is almost dead.
You block the rust devil's attack.
The orc warrior hits you with a +0 halberd.
* * * LOW HITPOINT WARNING * * *
You completely miss the rust devil.
The rust devil is almost dead.
The rust devil hits you!
You die...
Your body crumbles into a pile of gold.

#............# #.....
#............# ######
#............#
#........>...# ######
#............# #.....
#............######.####
#)........(..##........#
#.......o....##.###.#..#
#.....4♣..........#.#..#
#######.#######.#.#.#..#
#.# #.#.#.#.## #.# #..
#.#.. #.# #####.### #.#
#.# #.# #.#


You could see a rust devil and an orc warrior.

Vanquished Creatures
  Sigmund (D:2)
  A spriggan (D:7)
  Eustachio (D:5)
  A hungry ghost (D:7)
  Menkaure (D:7)
  A black bear (D:6)
  A necrophage (D:7)
  2 ogres (D:5)
  4 centaurs
  Blork the orc (D:6)
  A big kobold (D:7)
  2 bullfrogs (D:6)
  A wyvern skeleton (D:7)
  A scorpion (D:6)
  A water moccasin skeleton (D:6)
  6 killer bees (D:7)
  A howler monkey (D:5)
  2 crimson imps (D:7)
  2 hounds
  A centaur zombie (D:7)
  2 orc priests
  Natasha (D:3)
  5 iguanas
  3 orc wizards
  14 worker ants
  A hound zombie (D:5)
  Robin (D:3)
  A worker ant zombie (D:7)
  4 gnolls (D:5)
  13 adders
  3 shadow imps
  2 oozes (D:5)
  An adder zombie (D:5)
  4 worms
  A dart slug (D:2)
  7 leopard geckos
  15 orcs
  8 giant cockroaches
  15 goblins
  9 hobgoblins
  15 kobolds
  A quokka (D:5)
  A ball python (D:5)
  3 bats
  8 frilled lizards
  3 rats (D:2)
173 creatures vanquished.

Notes
Turn   | Place    | Note
-------+----------+-------------------------------------------
     0 | D:1      | hawla the Minotaur Gladiator began the quest for the Orb.
     0 | D:1      | Reached XP level 1. HP: 18/18 MP: 0/0
    85 | D:1      | Reached XP level 2. HP: 25/25 MP: 1/1
   551 | D:2      | Found a basalt altar of Yredelemnul.
   605 | D:2      | Reached skill level 4 in Dodging
   834 | D:2      | Noticed Sigmund
  1164 | D:3      | Found a blossoming altar of Fedhas.
  1347 | D:3      | Reached XP level 3. HP: 30/30 MP: 2/2
  1460 | D:3      | Found a glowing silver altar of Zin.
  1633 | D:3      | Noticed Natasha
  1639 | D:3      | Killed Natasha
  1703 | D:3      | Reached XP level 4. HP: 37/37 MP: 3/3
  1840 | D:3      | Reached skill level 1 in Armour
  1842 | D:3      | Reached skill level 1 in Short Blades
  2545 | D:2      | Killed Sigmund
  2545 | D:2      | Reached skill level 5 in Dodging
  2545 | D:2      | Reached skill level 1 in Stealth
  2545 | D:2      | Reached XP level 5. HP: 40/45 MP: 4/4
  2545 | D:2      | Reached XP level 6. HP: 45/51 MP: 5/5
  3589 | D:4      | Noticed Robin
  3847 | D:3      | Killed Robin
  4100 | D:4      | Reached XP level 7. HP: 57/57 MP: 6/6
  4197 | D:4      | Found a staircase to the Ecumenical Temple.
  4211 | Temple   | Entered the Ecumenical Temple
  4227 | Temple   | Became a worshipper of Gozag Ym Sagoz the Greedy
  4486 | D:5      | Entered Level 5 of the Dungeon
  4490 | D:5      | Noticed Eustachio
  4512 | D:5      | Killed Eustachio
  4512 | D:5      | Reached skill level 6 in Dodging
  4714 | D:5      | Found an ancient bone altar of Kikubaaqudgha.
  5433 | D:5      | Reached XP level 8. HP: 66/66 MP: 7/7
  5549 | D:5      | Reached skill level 7 in Dodging
  5565 | D:5      | Reached skill level 5 in Short Blades
  5902 | D:6      | Gained mutation: You evolve. [potion of mutation]
  5902 | D:6      | Gained mutation: You are weak. (Str -2) [potion of
                  | mutation]
  5902 | D:6      | Gained mutation: You are partially covered in slimy green
                  | scales. (AC +2) [potion of mutation]
  5902 | D:6      | Gained mutation: You are resistant to hostile enchantments.
                  | (MR+) [potion of mutation]
  5995 | D:6      | Reached skill level 5 in Fighting
  6223 | D:6      | Noticed Blork the orc
  6229 | D:6      | Killed Blork the orc
  6229 | D:6      | Reached skill level 5 in Long Blades
  6439 | D:7      | Reached XP level 9. HP: 65/74 MP: 8/8
  6538 | D:7      | Reached skill level 5 in Armour
  6678 | D:7      | Reached skill level 8 in Dodging
  7231 | D:7      | Noticed Menkaure
  7237 | D:7      | Killed Menkaure
  7507 | D:7      | Reached skill level 9 in Dodging
  7520 | D:7      | Reached skill level 1 in Evocations
  7613 | D:6      | Noticed a rust devil
  7613 | D:6      | Noticed a rust devil
  7613 | D:6      | Identified the cursed +1 plate armour of the Hot Ocelot
                  | {*Corrode rElec MR- Str+4}
  7642 | D:7      | Slain by a rust devil

Illustrated notes

Levels and vault maps discovered:
D:1:      onia_arrival_pyramid, layout_basic, minmay_distorted
D:2:      layout_loops_ring, nicolae_overflow_hidden_temple,
          minmay_misc_feat_square, uniq_sigmund
D:3:      layout_loops_corners, zin_statuary, fedhas_altar_1, first_ration,
          chequers_serial_rivers_micro_b, uniq_natasha
D:4:      layout_cave_pools, minmay_temple_entry_grid, minmay_misc_feat_cross,
          chequers_serial_rivers_micro_e, uniq_robin
D:5:      layout_cave_pools, kiku_gazebo_pond_becter, minmay_divided_ellipse,
          uniq_eustachio
D:6:      cheibrodos_iron_armory, layout_basic, uniq_blork_the_orc
D:7:      layout_basic, grunt_temple_overflow_champion_of_chaos,
          kennysheep_mini_moat, the_bakery, uniq_menkaure
Temple:   eino_temple_water

Skill      XL: |  1  2  3  4  5  6  7  8  9 |
---------------+----------------------------+-----
Dodging        | 4 5 6 7 9 |  9.1
Long Blades    | 4 5 6 |  6.8
Armour         | 3 4 5 |  5.4
Short Blades   | 2 3 4 6 |  6.6
Fighting       | 3 4 5 6 |  6.0
Stealth        | 1 2 |  2.5
Throwing       | 3 |  3.3
Evocations     | 1 |  1.0

Action                   |  1- 3 |  4- 6 |  7- 9 || total
-------------------------+-------+-------+-------++-------
Melee: Dagger            |    57 |   121 |   164 ||   342
       Long sword        |     2 |       |    73 ||    75
       Headbutt          |     8 |    26 |    62 ||    96
       Rapier            |       |       |    76 ||    76
Throw: Throwing net      |     3 |       |       ||     3
       Dart              |     2 |       |       ||     2
       Boomerang         |       |     6 |     6 ||    12
Evoke: Wand              |       |       |     4 ||     4
  Use: Potion            |     2 |     1 |     5 ||     8
       Scroll            |     1 |     7 |     7 ||    15
 Stab: Held in net/web   |     2 |       |       ||     2
       Sleeping          |       |     2 |    10 ||    12
       Distracted        |       |       |     2 ||     2
  Eat: Chunk             |     2 |     8 |     1 ||    11
       Ration            |       |       |     4 ||     4
Armor: Leather armour    |    10 |    23 |    19 ||    52
       Ring mail         |       |       |    54 ||    54
Dodge: Dodged            |    41 |    93 |   181 ||   315
Block: Other             |       |    16 |    62 ||    78
       Reflection        |       |     3 |     1 ||     4
       Rpst.: Long sword |     2 |       |    13 ||    15
